 Dungeon Crawl Stone Soup version 0.30.1-11-g7821555f0a (webtiles) character file.

Game seed: 1217468611943994301

241 Breadora the Covered (level 5, 0/42 HPs)
             Began as a Minotaur Fighter on Jan 12, 2024.
             Killed from afar by an orc wizard (2 damage)
             ... with a magic dart
             ... on level 4 of the Dungeon.
             The game lasted 00:11:57 (2265 turns).

Breadora the Covered (Minotaur Fighter)             Turns: 2265, Time: 00:11:58

Health: 0/42       AC: 11    Str: 22 (23) XL:     5   Next: 80%
Magic:  4/4        EV:  8    Int:  2 (5)  God:
Gold:   217        SH:  4    Dex:  6 (7)  Spells: 4/4 levels left

rFire   . . .        a - +0 flail
rCold   . . .        c - +0 buckler
rNeg    . . .        i - +0 chain mail
rPois   .            (helmet unavailable)
rElec   .            (no cloak)
rCorr   .            (no gloves)
SInv    .            f - +0 pair of boots
Will    +....        (no amulet) Stlth
                     p - ring of willpower
HPRegen 0.27/turn    (no ring)
MPRegen 0.09/turn

%: no passive effects
@: no status effects
A: horns 3, retaliatory headbutt, clumsy 1, frail 1
a: no special abilities


You were on level 4 of the Dungeon.
You visited 1 branch of the dungeon, and saw 4 of its levels.

You collected 217 gold pieces.

Inventory:

Hand Weapons
 a - a +0 flail (weapon)
 n - a +2 dagger of electrocution
Armour
 b - a +0 scale mail
 c - a +0 buckler (worn)
 f - a +0 pair of boots (worn)
 i - a +0 chain mail (worn)
Jewellery
 p - a ring of willpower (left hand)
Wands
 u - a wand of flame (23)
Scrolls
 e - 6 scrolls of identify {unknown}
 g - 2 scrolls of teleportation {unknown}
 j - 2 scrolls of poison {unknown}
 k - 2 scrolls of acquirement {unknown}
 l - a scroll of brand weapon {unknown}
 r - 2 scrolls of noise {unknown}
 t - a scroll of immolation {unknown}
 v - a scroll of fear {unknown}
Potions
 d - 3 potions of might
 h - 2 potions of degeneration
 m - a potion of brilliance {unknown}
 o - a potion of mutation
 q - a potion of curing {unknown}
 s - a potion of invisibility {unknown}
 w - a potion of ambrosia {unknown}
 x - a potion of lignification {unknown}


   Skills:
 + Level 4.6 Fighting
 + Level 4.8 Maces & Flails
 + Level 5.1 Armour
 + Level 1.1 Dodging
 + Level 4.3 Shields
 + Level 0.1 Evocations


You had 4 spell levels left.
You didn't know any spells.
Your spell library was empty.

Dungeon Overview and Level Annotations

Branches:
Dungeon (4/15)
 Temple: D:4-7

Altars:
Dithmenos
Sif Muna

Shops:
D:2 (


Innate Abilities, Weirdness & Mutations

You have a pair of large horns on your head.
You reflexively headbutt those who attack you in melee.
You are clumsy. (Dex -2)
You are frail. (-10% HP)


Message History

You miss something. Something hits you but does no damage.
You miss something.
Something hits you but does no damage. x2
You barely miss something. Your headbutt misses something.
Something hits you but does no damage.
You miss something. Something hits you but does no damage.
You closely miss something. Your headbutt misses something.
Something hits you but does no damage.
You barely miss something. Something hits you but does no damage.
You barely miss something. Your headbutt misses something.
You block something's attack. Something hits you but does no damage.
You barely miss something. Something hits you but does no damage.
You miss something. Something completely misses you.
You miss something. Something hits you but does no damage.
You miss something. Something hits you.
* * * LOW HITPOINT WARNING * * *
You miss something. You block something's attack. Something hits you.
* * * LOW HITPOINT WARNING * * *
You closely miss something. Something hits you.
* * * LOW HITPOINT WARNING * * *
You closely miss something.
An orc wizard appears from thin air!
Reactivating autopickup.
The orc wizard hits you but does no damage.
You closely miss the orc wizard. Your headbutt misses the orc wizard.
The orc wizard is severely wounded.
The orc wizard casts a spell.
The orc wizard flickers and vanishes!
Deactivating autopickup; reactivate with Ctrl-A.
You miss something.
You hear some strange, mumbled words.
A puff of flame appears from out of thin air!
The puff of flame hits you.
* * * LOW HITPOINT WARNING * * *
You barely miss something. Something hits you but does no damage.
Something hits you.
* * * LOW HITPOINT WARNING * * *
You closely miss something. Your headbutt misses something.
You hear some strange, mumbled words.
A magic dart appears from out of thin air!
The magic dart hits you.
You die...

#.....#....#...+....#...
#####.....#....#..##....##..
..........#....#..##....####
..........######........##..
..............(#........'...
...............#..##....##..
#####..).......#..##....##..
+.)........#........####
#.)...{@)..+........##..
#.......†..##.####'###..
######......#.####..##..
#......#....#..#...
#......#....#..#...
#......#....#..#...
+......#....#..#...
#......#....#..#...
#......##'###..##..


There were no monsters in sight!

Vanquished Creatures
  A phantom (D:4)
  A hound (D:3)
  An orc wizard (D:3)
  3 adders
  2 worms
  A dart slug (D:4)
  7 orcs
  5 ball pythons
  7 endoplasms
  7 giant cockroaches
  4 goblins (D:1)
  8 hobgoblins
  4 jackals (D:1)
  4 kobolds
  2 quokkas
  2 bats
  3 frilled lizards
  7 rats
69 creatures vanquished.

Notes
Turn   | Place    | Note
-------+----------+-------------------------------------------
     0 | D:1      | Breadora the Minotaur Fighter began the quest for the Orb.
     0 | D:1      | Reached XP level 1. HP: 19/19 MP: 0/0
    87 | D:1      | Reached skill level 4 in Armour
    87 | D:1      | Reached XP level 2. HP: 19/27 MP: 1/1
   540 | D:1      | Found a faded altar of an unknown god.
   546 | D:1      | Reached XP level 3. HP: 33/33 MP: 2/2
  1023 | D:2      | Found Taahexo's Weapon Shoppe.
  1226 | D:3      | Reached XP level 4. HP: 41/41 MP: 3/3
  1632 | D:3      | Found a shimmering blue altar of Sif Muna.
  1824 | D:4      | Reached XP level 5. HP: 37/47 MP: 4/4
  1914 | D:4      | Noticed a phantom
  1927 | D:4      | Killed a phantom
  1928 | D:4      | Reached skill level 5 in Armour
  2026 | D:4      | Reached skill level 1 in Dodging
  2073 | D:4      | Found a shadowy altar of Dithmenos.
  2244 | D:4      | Gained mutation: You are frail. (-10% HP) [potion of
                  | mutation]
  2244 | D:4      | Gained mutation: You have a pair of large horns on your
                  | head. [potion of mutation]
  2244 | D:4      | Gained mutation: You are clumsy. (Dex -2) [potion of
                  | mutation]
  2264 | D:4      | HP: 1/42 [something (2)]
  2265 | D:4      | Killed from afar by an orc wizard

Illustrated notes

Levels and vault maps discovered:
D:1:      lightli_arrival_lavapool, layout_rooms,
          shapermc_ecumenical_altar_mp_ritualfount, grunt_decor_clamped,
          chequers_serial_rivers_micro_c
D:2:      layout_basic, serial_shops, shop
D:3:      layout_rooms, kennysheep_orc_sif_temple
D:4:      layout_gridville, general_overflow_altar,
          mainiacjoe_overflow_tiny_flanked, serial_shops, nicolae_stop_n_shop_2

Skill      XL: |  1  2  3  4  5 |
---------------+----------------+-----
Armour         | 4 5 |  5.1
Fighting       | 4 |  4.6
Shields        | 4 |  4.3
Maces & Flails | 3 4 |  4.8
Dodging        | 1 |  1.1
Evocations     | |  0.1

Action                     |  1- 3 |  4- 6 || total
---------------------------+-------+-------++-------
  Melee: Flail             |    98 |   126 ||   224
         Headbutt          |    27 |    11 ||    38
  Evoke: Wand              |       |     6 ||     6
    Use: Potion            |       |     2 ||     2
 Armour: Scale mail        |    15 |       ||    15
         Chain mail        |    32 |    95 ||   127
  Dodge: Dodged            |    35 |    37 ||    72
  Block: Buckler           |    15 |    25 ||    40
